 Dungeon Crawl Stone Soup version 0.25.1-2-g60ff931df9 (webtiles) character file.

Game seed: 18038576406487640128

18898 Johnny the Geomancer (level 12, -10/81 HPs)
             Began as a Demigod Earth Elementalist on Oct 19, 2020.
             Killed from afar by a hell hound (21 damage)
             ... with a blast of flame
             ... led by Azrael
             ... on level 12 of the Dungeon.
             The game lasted 00:14:33 (15156 turns).

Johnny the Geomancer (Demigod Earth Elementalist)  Turns: 15156, Time: 00:14:33

Health: -10/81     AC: 12    Str: 11    XL:     12   Next: 5%
Magic:  29/38      EV: 12    Int: 27    God:
Gold:   643        SH:  6    Dex: 16    Spells: 16/29 levels left

rFire    . . .     SeeInvis +   N - +2 dagger (venom)
rCold    . . .     Gourm    .   y - +0 buckler
rNeg     . . .     Faith    .   F - +4 troll leather armour
rPois    +         Spirit   .   B - +2 hat {SInv}
rElec    .         Reflect  .   D - +0 cloak
rCorr    .         Harm     .   (no gloves)
MR       +....                  o - +0 pair of boots
Stlth    ++........             L - amulet of regeneration
HPRegen  1.03/turn              r - ring of magical power
MPRegen  0.26/turn              e - ring of poison resistance

@: about to teleport
A: high mp 1
a: no special abilities


You were on level 12 of the Dungeon.
You were not hungry.

You visited 1 branch of the dungeon, and saw 12 of its levels.

You collected 643 gold pieces.

Inventory:

Hand Weapons
 J - a +3 vorpal trident
 N - a +2 dagger of venom (weapon)
Missiles
 b - 215 stones (quivered)
Armour
 o - a +0 pair of boots (worn)
 u - a +0 leather armour of fire resistance
 y - a +0 buckler (worn)
 A - a +2 robe of positive energy
 B - a +2 hat of see invisible (worn)
 D - a +0 cloak (worn)
 F - a +4 troll leather armour (worn)
 O - a +2 robe of cold resistance
Jewellery
 e - a ring of poison resistance (right hand)
 r - a ring of magical power (left hand)
 K - an uncursed ring of ice
 L - an amulet of regeneration (around neck)
 R - an uncursed amulet of the acrobat
 T - a +4 ring of slaying
Wands
 c - a wand of iceblast (5)
 i - a wand of enslavement (2)
 s - a wand of digging (9)
 x - a wand of disintegration (17)
 G - a wand of polymorph (9)
 P - a wand of random effects (18)
Scrolls
 f - 4 scrolls of amnesia
 g - a scroll of noise
 h - a scroll of fog
 j - 5 scrolls of fear
 m - a scroll of teleportation
 n - 2 scrolls of remove curse
 t - 2 scrolls of enchant armour
 Q - a scroll of identify
Potions
 a - 5 potions of curing
 k - 3 potions of might
 l - a potion of mutation
 p - 2 potions of lignification
 q - 2 potions of resistance
 v - 2 potions of haste
 w - 2 potions of magic
 z - a potion of brilliance
 C - 2 potions of degeneration {unknown}
 E - a potion of heal wounds {unknown}
 H - 3 potions of berserk rage {unknown}
 I - 2 potions of ambrosia
 M - a potion of flight
Comestibles
 d - 26 rations


   Skills:
 - Level 1.7 Dodging
 - Level 1.7 Stealth
 + Level 8.9 Shields
 + Level 9.1 Spellcasting
 - Level 0.8 Transmutations
 * Level 13.4 Earth Magic


You had 16 spell levels left.
You knew the following spells:

 Your Spells              Type           Power        Failure   Level  Hunger
a - Sandblast             Erth           ######       1%          1    None
b - Stone Arrow           Conj/Erth      #####.       1%          3    None
c - Lee's Rapid Deconstr  Erth           ######....   1%          5    ####...
d - Petrify               Tmut/Erth      ######..     3%          4    #......

Your spell library contained the following spells:

 Spells                   Type           Power        Failure   Level  Hunger
 Passwall                 Tmut/Erth      ######..     1%          2    None
 Animate Skeleton         Necr           N/A          6%          1    None
 Pain                     Necr           ##..         6%          1    None
 Vampiric Draining        Necr           ##........   19%         3    None
 Bolt of Magma            Conj/Fire/Erth #####.....   26%         5    ####...
 Animate Dead             Necr           N/A          52%         4    #......
 Iron Shot                Conj/Erth      #####.....   52%         6    ######.
 Agony                    Necr           ##......     86%         5    ####...
 Iskenderun's Battlesphe  Conj/Chrm      ##......     86%         5    ####...
 Orb of Destruction       Conj           ##........   100%        7    #######
 Spellforged Servitor     Conj/Summ      ##........   100%        7    #######


Dungeon Overview and Level Annotations

Branches:
Dungeon (12/15)            Temple (0/1) D:5            Lair (0/6) D:8
    Orc (0/2) D:9

Shops:
D:4 %   D:10 !

Annotations:
D:12 Azrael


Innate Abilities, Weirdness & Mutations

You have an increased reservoir of magic. (+10% MP)


Message History

Unknown command.
As you read the scroll of fear, it crumbles to dust.
You assume a fearsome visage.
Azrael is unaffected.
The fire elemental is unaffected.
The hell hound is unaffected.
The fire elemental hits you. The fire elemental burns you!
The fire elemental hits you.
* * * LOW HITPOINT WARNING * * *
The fire elemental burns you!
* * * LOW HITPOINT WARNING * * *
Okay, then.
Okay, then.
Okay, then.
Evoke which item? (* to show all) (? for menu, Esc to quit)
Okay, then.
As you read the scroll of teleportation, it crumbles to dust.
You feel strangely unstable. The fire elemental barely misses you.
The hell hound breathes flames at you.
The blast of flame hits the fire elemental.
The fire elemental completely resists.
The blast of flame hits you!!
You die...

#.######+##.#
###..##.......#
+.....+.......#
###.##......#
#<...'......#
####.#......#
#.#......#
#.#......#
#.#.##@###
####...##E#
+....(.##h##
.##.......R.#
.........°☼.#
.##....(....#
#####.E#+##
#.☼○ #.°☼h


You could see Azrael, 2 fire elementals and a hell hound (catching breath).

Vanquished Creatures
  Gastronok (D:8)
  Fannar (D:11)
  A death knight (D:11)
  3 two-headed ogres
  Pikel (D:8)
  An ugly thing (D:11)
  3 centaur zombies
  A gargoyle (D:11)
  2 freezing wraiths (D:11)
  4 trolls
  A hornet (D:11)
  4 hippogriffs
  6 slime creatures (D:10)
  4 wraiths
  Eustachio (D:4)
  A basilisk (D:8)
  15 yaks
  A hungry ghost (D:7)
  A water moccasin (D:7)
  An acid dragon (D:11)
  A hell hound (D:12)
  4 porcupines (D:8)
  5 sky beasts
  2 slaves (D:8)
  3 phantoms
  2 ice beasts
  A black bear (D:7)
  A hornet zombie (D:9)
  2 orc warriors
  4 ogres
  2 centaurs
  2 crocodiles (D:8)
  8 bullfrogs
  A gnoll sergeant (D:11)
  2 scorpions
  11 killer bees
  12 wights
  2 crimson imps (D:7)
  A bullfrog zombie (D:7)
  2 orc priests
  A jelly (D:10)
  4 bullfrog skeletons
  7 hounds
  8 orc wizards
  2 iguanas
  A centaur skeleton (D:11)
  9 worker ants
  A hound zombie (D:7)
  A hound skeleton (D:11)
  2 worker ant zombies
  16 gnolls
  16 adders
  A howler monkey skeleton (D:7)
  2 shadow imps
  2 oozes (D:1)
  An adder zombie (D:9)
  2 dart slugs
  2 leopard geckos
  35 orcs
  2 giant cockroaches
  6 goblins
  8 hobgoblins
  4 jackals (D:2)
  4 quokkas
  A ball python (D:6)
  11 bats
  4 frilled lizards
  13 kobolds
  A leopard gecko zombie (D:6)
  A quokka zombie (D:9)
  6 rats
295 creatures vanquished.

Vanquished Creatures (collateral kills)
  A crimson imp (D:11)
  A worker ant (D:11)
  A hound zombie (D:11)
3 creatures vanquished.

Vanquished Creatures (others)
  A slave (D:8)
  A bush (D:8)
  2 fungi (D:8)
  18 plants (D:8)
22 creatures vanquished.

Grand Total: 320 creatures vanquished

Notes
Turn   | Place    | Note
-------+----------+-------------------------------------------
     0 | D:1      | Johnny the Demigod Earth Elementalist began the quest for
                  | the Orb.
     0 | D:1      | Reached XP level 1. HP: 14/14 MP: 5/5
   125 | D:1      | Reached skill level 3 in Earth Magic
   127 | D:1      | Reached XP level 2. HP: 15/20 MP: 2/7
  1047 | D:2      | Reached XP level 3. HP: 26/26 MP: 9/9
  1404 | D:2      | Found a glowing golden altar of the Shining One.
  1611 | D:2      | Reached skill level 4 in Earth Magic
  1972 | D:2      | Reached XP level 4. HP: 25/33 MP: 10/10
  2192 | D:2      | Found a sparkling altar of Nemelex Xobeh.
  2204 | D:2      | Found a hazy altar of Hepliaklqana.
  2963 | D:3      | Learned a level 3 spell: Stone Arrow
  3607 | D:3      | Found a shattered altar of Ashenzari.
  3939 | D:3      | Noticed a bullfrog
  3943 | D:3      | Killed a bullfrog
  3943 | D:3      | Reached skill level 5 in Earth Magic
  3943 | D:3      | Reached XP level 5. HP: 36/38 MP: 12/12
  4714 | D:4      | Noticed an ogre
  4727 | D:4      | Reached XP level 6. HP: 39/45 MP: 13/14
  4998 | D:4      | Reached skill level 6 in Earth Magic
  5078 | D:4      | Reached skill level 1 in Shields
  5187 | D:4      | Reached XP level 7. HP: 46/50 MP: 16/16
  5414 | D:4      | Found Giyfobir's Food Boutique.
  5716 | D:4      | Noticed Eustachio
  5721 | D:4      | Killed Eustachio
  6020 | D:5      | Entered Level 5 of the Dungeon
  6041 | D:5      | Reached skill level 7 in Earth Magic
  6406 | D:5      | Learned a level 5 spell: Lee's Rapid Deconstruction
  6411 | D:5      | Learned a level 4 spell: Petrify
  6457 | D:5      | Found a staircase to the Ecumenical Temple.
  7046 | D:6      | Reached XP level 8. HP: 49/57 MP: 18/18
  7635 | D:6      | Reached skill level 5 in Spellcasting
  7843 | D:6      | Found a stormy altar of Qazlal.
  7843 | D:6      | Found a radiant altar of Vehumet.
  7883 | D:7      | Found a shimmering altar of Xom.
  7883 | D:7      | Found a shadowy altar of Dithmenos.
  7883 | D:7      | Found a bloodstained altar of Trog.
  7883 | D:7      | Found a snail-covered altar of Cheibriados.
  7883 | D:7      | Found an ornate altar of the Wu Jian Council.
  7883 | D:7      | Found a burning altar of Makhleb.
  7883 | D:7      | Noticed a hippogriff
  7885 | D:7      | Reached skill level 8 in Earth Magic
  7901 | D:6      | Killed a hippogriff
  8279 | D:7      | Noticed a hippogriff
  8282 | D:7      | Killed a hippogriff
  8282 | D:7      | Reached skill level 9 in Earth Magic
  8282 | D:7      | Reached XP level 9. HP: 59/62 MP: 21/21
  8757 | D:7      | Reached skill level 5 in Shields
  9153 | D:8      | Noticed Pikel
  9158 | D:8      | Killed Pikel
  9158 | D:8      | Reached skill level 10 in Earth Magic
  9328 | D:8      | Noticed a two-headed ogre
  9335 | D:8      | Killed a two-headed ogre
  9411 | D:8      | Found a hide-covered altar of Uskayaw.
  9547 | D:8      | Found a staircase to the Lair.
  9558 | D:8      | Reached XP level 10. HP: 42/69 MP: 24/24
  9980 | D:8      | Noticed Gastronok
  9986 | D:8      | Reached skill level 11 in Earth Magic
 10110 | D:8      | Killed Gastronok
 11069 | D:9      | Reached XP level 11. HP: 46/74 MP: 0/27
 11519 | D:9      | Found a staircase to the Orcish Mines.
 11688 | D:9      | Noticed a two-headed ogre
 11697 | D:9      | Killed a two-headed ogre
 11697 | D:9      | Reached skill level 12 in Earth Magic
 12332 | D:10     | Entered Level 10 of the Dungeon
 12894 | D:10     | Found Osakubue's Distillery.
 13838 | D:11     | Noticed a death knight
 13989 | D:11     | Noticed a two-headed ogre
 13999 | D:11     | Killed a two-headed ogre
 14001 | D:11     | Reached skill level 13 in Earth Magic
 14008 | D:11     | Noticed Fannar
 14129 | D:11     | Killed Fannar
 14911 | D:11     | Killed a death knight
 14911 | D:11     | Reached XP level 12. HP: 81/81 MP: 5/29
 15145 | D:12     | Noticed Azrael
 15156 | D:12     | Killed from afar by a hell hound

Illustrated notes

Levels and vault maps discovered:
D:1:      minmay_arrival_glassed_features, layout_rooms
D:2:      minmay_door_path, layout_basic, nicolae_tso_swordbearing_angel,
          nemelex_xobeh_ov_fountains_minmay, lemuel_crystal_altar
D:3:      corexii_shack_village, layout_basic, lemuel_crystal_altar,
          first_ration
D:4:      layout_rooms, serial_co_window_serial, co_window_paths_b,
          co_window_paths_a, co_window_corner_a, co_window_paths_a,
          co_window_paths_b, co_window_corner_cb, co_window_unsneaky_path_b,
          co_window_unsneaky_path_d, co_window_broadway_c, co_window_cross_3,
          glass_columns_b, glass_columns_b, glass_columns_a, glass_columns_c,
          glass_columns_a, serial_shops, kennysheep_mini_moat, glass_columns_a,
          amethyst_killhole, uniq_eustachio
D:5:      layout_basic, minmay_temple_entry_glassed_door
D:6:      layout_rooms, gammafunk_temple_overflow_wave
D:7:      wad_river_or_something, layout_basic, grunt_temple_overflow_open,
          enter_ossuary_5
D:8:      layout_basic, eat_drink_and_be_merry_uskayaw, minmay_lair_entry_grove,
          uniq_pikel, uniq_gastronok
D:9:      layout_layer_cave, david_orc_2, grunt_ogre_cave
D:10:     layout_big_octagon, serial_rivers, chequers_serial_rivers_marsh,
          chequers_serial_rivers_small_b, chequers_serial_rivers_large_a,
          chequers_serial_rivers_marsh, chequers_serial_rivers_room_b,
          chequers_serial_rivers_small_b, serial_shops, shop
D:11:     layout_cave_pools, uniq_fannar
D:12:     layout_basic, gammafunk_ghost_split, uniq_azrael

Skill      XL: |  1  2  3  4  5  6  7  8  9 10 11 |
---------------+----------------------------------+-----
Spellcasting   | 2 3 4 5 6 7 9 |  9.1
Earth Magic    | 3 4 5 6 7 9 10 11 13 | 13.4
Shields        | 1 2 4 5 7 8 |  8.9
Dodging        | |  1.7
Stealth        | |  1.7
Transmutations | |  0.8

Action                   |  1- 3 |  4- 6 |  7- 9 | 10-12 || total
-------------------------+-------+-------+-------+-------++-------
Melee: Spear             |    98 |   186 |    82 |       ||   366
       Unarmed           |     6 |       |       |       ||     6
       Trident           |       |       |     1 |    49 ||    50
       Dagger            |       |       |       |   128 ||   128
 Cast: Sandblast         |    14 |    49 |   103 |    89 ||   255
       Stone Arrow       |       |       |    67 |   123 ||   190
       Lee's Rapid Decon |       |       |       |    51 ||    51
       Petrify           |       |       |       |     4 ||     4
Evoke: Wand              |       |       |     3 |     9 ||    12
  Use: Scroll            |       |       |    18 |    12 ||    30
 Stab: Sleeping          |     6 |     7 |     1 |     2 ||    16
  Eat: Chunk             |     3 |    10 |    16 |    17 ||    46
       Ration            |       |       |       |     3 ||     3
Armor: Robe              |    19 |    70 |       |       ||    89
       Leather armour    |       |       |    51 |    11 ||    62
       Troll leather arm |       |       |       |    72 ||    72
Dodge: Dodged            |    60 |   138 |    86 |   133 ||   417
Block: Buckler           |       |       |    36 |    94 ||   130
